[ AOE2 MATCH · #495556597 ]
UnrankedHuns vs Mongols
Player's team · WIN
Rival team · LOSS
[ REPLAY ANALYSIS · EXTRACTED FROM THE RECORDED GAME ]
Feudal
8:26
Castle
32:08
Imperial
—
| APM avg | 99.1 |
| APM peak | 195 |
| eAPM avg | 47.7 |
| Villagers / military | 198 / 236 |
Focus
⚔️ 53.7% · 🌾 46.3%
Scout Cavalry ×103 · Skirmisher ×96 · Knight ×30 · Monk ×4 · Spearman ×2 · Archer ×1
Feudal
8:01
Castle
22:12
Imperial
—
| APM avg | 69.9 |
| APM peak | 138 |
| eAPM avg | 30.3 |
| Villagers / military | 101 / 172 |
Focus
⚔️ 38.1% · 🌾 61.9%
Cavalry Archer ×99 · Steppe Lancer ×39 · Archer ×13 · Skirmisher ×9 · Spearman ×7 · Scout Cavalry ×4
Match map
Initial resources + every placement click. Lines = walls · curves = elevation contours. ◆ gold · ⬟ stone · ● berries · ✦ relic · ◌ wall gap
Your base· Open — unwalled flank
Boom's base· Open — unwalled flank
Smoothed initial terrain · ◌ = detected wall gap · hover for details
Inputs per minute
— SVTT | Альпинист - - Boom
Build order — SVTT | Альпинист
First 150 of 580 actions detected
| 0:01 | Queue | Villager (Male) |
| 0:01 | Queue | Villager (Male) |
| 0:06 | Queue | Villager (Male) |
| 0:06 | Queue | Villager (Male) |
| 1:25 | Queue | Villager (Male) |
| 1:25 | Queue | Villager (Male) |
| 1:50 | Build | Lumber Camp |
| 1:59 | Queue | Villager (Male) |
| 2:25 | Queue | Villager (Male) |
| 2:27 | Queue | Villager (Male) |
| 2:50 | Queue | Villager (Male) |
| 3:21 | Queue | Villager (Male) |
| 3:23 | Queue | Villager (Male) |
| 3:23 | Queue | Villager (Male) |
| 3:58 | Queue | Villager (Male) |
| 3:58 | Queue | Villager (Male) |
| 4:38 | Queue | Villager (Male) |
| 4:38 | Queue | Villager (Male) |
| 4:49 | Queue | Villager (Male) |
| 4:53 | Queue | Villager (Male) |
| 4:53 | Queue | Villager (Male) |
| 5:23 | Build | Mill |
| 5:30 | Research | Loom |
| 6:12 | Research | Feudal Age |
| 6:12 | Research | Feudal Age |
| 6:58 | Queue | Villager (Male) |
| 7:41 | Build | Barracks |
| 8:20 | Queue | Villager (Male) |
| 8:26 | Age | Feudal Age |
| 8:29 | Build | Archery Range |
| 8:29 | Queue | Spearman |
| 9:04 | Build | Watch Tower |
| 9:05 | Queue | Archer |
| 9:06 | Queue | Skirmisher |
| 9:07 | Queue | Villager (Male) |
| 9:07 | Queue | Villager (Male) |
| 9:08 | Queue | Villager (Male) |
| 9:08 | Queue | Villager (Male) |
| 9:08 | Queue | Villager (Male) |
| 9:14 | Research | Double-Bit Axe |
| 9:21 | Queue | Spearman |
| 9:22 | Queue | Villager (Male) |
| 9:25 | Queue | Skirmisher |
| 9:29 | Build | Palisade Wall |
| 9:36 | Build | Palisade Wall |
| 9:38 | Build | Palisade Wall |
| 9:40 | Build | Palisade Wall |
| 9:41 | Build | Palisade Wall |
| 9:55 | Queue | Skirmisher |
| 9:55 | Queue | Skirmisher |
| 10:15 | Queue | Villager (Male) |
| 10:15 | Queue | Villager (Male) |
| 10:17 | Build | Farm |
| 10:17 | Build | Farm |
| 10:32 | Build | Palisade Wall |
| 10:40 | Build | Farm |
| 10:46 | Queue | Villager (Male) |
| 10:46 | Queue | Villager (Male) |
| 11:00 | Queue | Skirmisher |
| 11:00 | Queue | Skirmisher |
| 11:17 | Build | Palisade Wall |
| 11:19 | Build | Palisade Wall |
| 11:20 | Queue | Villager (Male) |
| 11:20 | Queue | Villager (Male) |
| 11:22 | Build | Farm |
| 11:25 | Queue | Skirmisher |
| 11:25 | Queue | Skirmisher |
| 11:41 | Queue | Villager (Male) |
| 11:41 | Queue | Villager (Male) |
| 11:56 | Queue | Villager (Male) |
| 11:56 | Queue | Villager (Male) |
| 11:59 | Build | Palisade Wall |
| 12:00 | Build | Palisade Wall |
| 12:06 | Build | Palisade Wall |
| 12:28 | Queue | Villager (Male) |
| 12:28 | Queue | Villager (Male) |
| 12:28 | Queue | Villager (Male) |
| 12:36 | Build | Lumber Camp |
| 12:58 | Queue | Villager (Male) |
| 12:59 | Queue | Villager (Male) |
| 12:59 | Queue | Villager (Male) |
| 13:03 | Build | Stable |
| 13:10 | Queue | Villager (Male) |
| 13:11 | Queue | Villager (Male) |
| 13:35 | Queue | Villager (Male) |
| 13:40 | Research | Horse Collar |
| 13:44 | Queue | Villager (Male) |
| 13:45 | Queue | Villager (Male) |
| 13:45 | Queue | Villager (Male) |
| 13:57 | Build | Farm |
| 13:58 | Build | Farm |
| 14:01 | Build | Farm |
| 14:02 | Queue | Villager (Male) |
| 14:19 | Build | Farm |
| 14:30 | Build | Farm |
| 14:32 | Queue | Scout Cavalry |
| 14:32 | Queue | Scout Cavalry |
| 15:00 | Queue | Scout Cavalry |
| 15:03 | Build | Farm |
| 15:07 | Build | Farm |
| 15:08 | Queue | Villager (Male) |
| 15:18 | Queue | Scout Cavalry |
| 15:23 | Build | Blacksmith |
| 15:31 | Queue | Villager (Male) |
| 15:53 | Queue | Scout Cavalry |
| 15:53 | Queue | Scout Cavalry |
| 16:08 | Queue | Villager (Male) |
| 16:10 | Build | Farm |
| 16:11 | Build | Farm |
| 16:34 | Research | Scale Barding Armor |
| 16:35 | Queue | Villager (Male) |
| 16:45 | Queue | Scout Cavalry |
| 16:45 | Queue | Scout Cavalry |
| 16:55 | Build | Farm |
| 17:03 | Queue | Scout Cavalry |
| 17:03 | Queue | Scout Cavalry |
| 17:06 | Build | Farm |
| 17:21 | Queue | Scout Cavalry |
| 17:25 | Queue | Villager (Male) |
| 17:43 | Queue | Scout Cavalry |
| 17:43 | Queue | Scout Cavalry |
| 17:43 | Queue | Scout Cavalry |
| 17:46 | Queue | Villager (Male) |
| 17:47 | Queue | Villager (Male) |
| 17:53 | Queue | Villager (Male) |
| 17:53 | Queue | Villager (Male) |
| 17:54 | Build | Stable |
| 17:55 | Build | Stable |
| 17:59 | Build | Mining Camp |
| 18:14 | Research | Forging |
| 18:14 | Research | Forging |
| 18:19 | Queue | Villager (Male) |
| 18:24 | Build | Farm |
| 18:24 | Build | Farm |
| 18:25 | Build | Farm |
| 18:25 | Build | Farm |
| 18:35 | Queue | Villager (Male) |
| 18:51 | Build | Farm |
| 19:05 | Research | Wheelbarrow |
| 19:07 | Build | Farm |
| 19:11 | Build | Farm |
| 19:15 | Queue | Scout Cavalry |
| 19:15 | Queue | Scout Cavalry |
| 19:31 | Build | Farm |
| 19:46 | Queue | Scout Cavalry |
| 19:47 | Queue | Scout Cavalry |
| 20:06 | Queue | Villager (Male) |
| 20:11 | Build | Mining Camp |
| 20:31 | Research | Bloodlines |
| 20:31 | Research | Bloodlines |
Build order — Boom
First 150 of 408 actions detected
| 0:00 | Queue | Villager (Male) |
| 0:01 | Build | House |
| 0:02 | Build | House |
| 0:06 | Queue | Villager (Male) |
| 0:06 | Queue | Villager (Male) |
| 0:10 | Queue | Villager (Male) |
| 1:30 | Queue | Villager (Male) |
| 1:45 | Build | Lumber Camp |
| 2:05 | Queue | Villager (Male) |
| 2:05 | Queue | Villager (Male) |
| 2:05 | Queue | Villager (Male) |
| 2:13 | Queue | Villager (Male) |
| 2:14 | Queue | Villager (Male) |
| 2:40 | Queue | Villager (Male) |
| 2:40 | Queue | Villager (Male) |
| 2:40 | Queue | Villager (Male) |
| 3:28 | Build | House |
| 3:40 | Queue | Villager (Male) |
| 3:41 | Queue | Villager (Male) |
| 3:41 | Queue | Villager (Male) |
| 3:52 | Build | Mill |
| 4:00 | Queue | Villager (Male) |
| 4:00 | Queue | Villager (Male) |
| 4:44 | Queue | Villager (Male) |
| 4:44 | Research | Loom |
| 5:47 | Research | Feudal Age |
| 5:47 | Research | Feudal Age |
| 6:13 | Build | Lumber Camp |
| 7:09 | Build | Barracks |
| 7:19 | Build | Palisade Wall |
| 7:21 | Build | Palisade Wall |
| 7:36 | Queue | Villager (Male) |
| 7:50 | Queue | Villager (Male) |
| 7:56 | Build | House |
| 8:01 | Age | Feudal Age |
| 8:21 | Build | Stable |
| 8:46 | Research | Double-Bit Axe |
| 8:47 | Queue | Spearman |
| 8:49 | Queue | Villager (Male) |
| 9:01 | Queue | Scout Cavalry |
| 9:01 | Queue | Scout Cavalry |
| 9:10 | Queue | Villager (Male) |
| 9:52 | Queue | Villager (Male) |
| 10:20 | Queue | Scout Cavalry |
| 10:20 | Queue | Villager (Male) |
| 10:24 | Build | Archery Range |
| 10:31 | Build | House |
| 10:43 | Queue | Villager (Male) |
| 11:07 | Queue | Skirmisher |
| 11:07 | Queue | Skirmisher |
| 11:24 | Queue | Scout Cavalry |
| 11:29 | Queue | Skirmisher |
| 11:36 | Queue | Villager (Male) |
| 11:57 | Queue | Skirmisher |
| 12:00 | Build | Archery Range |
| 12:05 | Build | House |
| 12:10 | Queue | Villager (Male) |
| 12:19 | Build | Farm |
| 12:28 | Build | House |
| 12:39 | Queue | Villager (Male) |
| 12:41 | Build | Farm |
| 12:56 | Queue | Skirmisher |
| 12:56 | Queue | Skirmisher |
| 13:07 | Build | Farm |
| 13:19 | Queue | Villager (Male) |
| 13:29 | Queue | Villager (Male) |
| 13:42 | Queue | Villager (Male) |
| 13:43 | Build | Farm |
| 14:01 | Queue | Villager (Male) |
| 14:01 | Queue | Villager (Male) |
| 14:03 | Build | Farm |
| 14:07 | Build | Farm |
| 14:13 | Build | Farm |
| 14:15 | Queue | Villager (Male) |
| 14:36 | Queue | Villager (Male) |
| 14:39 | Build | Farm |
| 14:40 | Build | Mining Camp |
| 14:54 | Build | Farm |
| 14:58 | Queue | Villager (Male) |
| 15:03 | Build | Farm |
| 15:11 | Build | House |
| 15:21 | Queue | Villager (Male) |
| 15:25 | Queue | Skirmisher |
| 15:25 | Queue | Skirmisher |
| 15:33 | Build | House |
| 15:34 | Queue | Skirmisher |
| 16:09 | Build | House |
| 16:15 | Queue | Archer |
| 16:15 | Queue | Archer |
| 16:17 | Queue | Spearman |
| 16:18 | Queue | Spearman |
| 16:31 | Build | Farm |
| 16:32 | Build | Farm |
| 16:43 | Queue | Villager (Male) |
| 16:56 | Queue | Villager (Male) |
| 16:58 | Build | Farm |
| 16:59 | Build | Farm |
| 17:00 | Build | Farm |
| 17:21 | Queue | Archer |
| 17:21 | Queue | Archer |
| 17:39 | Queue | Villager (Male) |
| 17:40 | Queue | Archer |
| 17:40 | Queue | Archer |
| 17:54 | Queue | Villager (Male) |
| 17:56 | Queue | Archer |
| 18:10 | Build | Blacksmith |
| 18:26 | Queue | Archer |
| 18:26 | Queue | Archer |
| 18:50 | Queue | Spearman |
| 19:18 | Build | Watch Tower |
| 19:32 | Research | Castle Age |
| 19:37 | Build | House |
| 19:51 | Build | House |
| 20:00 | Build | House |
| 20:08 | Queue | Archer |
| 20:09 | Queue | Archer |
| 20:17 | Build | Archery Range |
| 20:28 | Research | Horse Collar |
| 20:40 | Research | Gold Mining |
| 20:40 | Research | Gold Mining |
| 20:43 | Queue | Archer |
| 20:43 | Queue | Archer |
| 20:47 | Build | Palisade Wall |
| 20:50 | Build | Palisade Wall |
| 20:56 | Research | Fletching |
| 20:56 | Research | Fletching |
| 22:12 | Age | Castle Age |
| 22:15 | Research | Bodkin Arrow |
| 22:16 | Research | Bodkin Arrow |
| 22:16 | Queue | Cavalry Archer |
| 22:17 | Queue | Cavalry Archer |
| 22:17 | Queue | Cavalry Archer |
| 22:41 | Queue | Cavalry Archer |
| 22:49 | Queue | Villager (Male) |
| 22:51 | Build | Farm |
| 22:53 | Build | Farm |
| 22:54 | Build | Farm |
| 23:12 | Queue | Cavalry Archer |
| 23:12 | Queue | Cavalry Archer |
| 23:13 | Queue | Villager (Male) |
| 23:13 | Queue | Villager (Male) |
| 23:15 | Build | Farm |
| 23:18 | Build | Stable |
| 23:26 | Queue | Cavalry Archer |
| 23:26 | Queue | Cavalry Archer |
| 23:45 | Queue | Villager (Male) |
| 23:55 | Build | House |
| 24:07 | Queue | Cavalry Archer |
| 24:07 | Queue | Cavalry Archer |
| 24:07 | Queue | Cavalry Archer |
Match timeline
| 7:09 | Boom · first_building Barracks |
| 7:19 | Boom · wall_segment Palisade Wall x1 |
| 7:21 | Boom · wall_segment Palisade Wall x1 |
| 7:41 | SVTT | Альпинист · first_building Barracks |
| 8:01 | Boom · age_up feudal |
| 8:21 | Boom · first_building Stable |
| 8:26 | SVTT | Альпинист · age_up feudal |
| 8:29 | SVTT | Альпинист · first_building Archery Range |
| 9:29 | SVTT | Альпинист · wall_segment Palisade Wall x1 |
| 9:36 | SVTT | Альпинист · wall_segment Palisade Wall x1 |
| 9:38 | SVTT | Альпинист · wall_segment Palisade Wall x1 |
| 9:40 | SVTT | Альпинист · wall_segment Palisade Wall x1 |
| 9:41 | SVTT | Альпинист · wall_segment Palisade Wall x1 |
| 10:24 | Boom · first_building Archery Range |
| 10:32 | SVTT | Альпинист · wall_segment Palisade Wall x1 |
| 11:17 | SVTT | Альпинист · wall_segment Palisade Wall x3 |
| 11:19 | SVTT | Альпинист · wall_segment Palisade Wall x5 |
| 11:59 | SVTT | Альпинист · wall_segment Palisade Wall x1 |
| 12:00 | SVTT | Альпинист · wall_segment Palisade Wall x1 |
| 12:06 | SVTT | Альпинист · wall_segment Palisade Wall x1 |
| 13:03 | SVTT | Альпинист · first_building Stable |
| 20:47 | Boom · wall_segment Palisade Wall x5 |
| 20:50 | Boom · wall_segment Palisade Wall x1 |
| 22:12 | Boom · age_up castle |
| 24:43 | Boom · wall_segment Palisade Wall x1 |
| 25:02 | Boom · wall_segment Palisade Wall x1 |
| 26:06 | SVTT | Альпинист · first_market_buy 100 stone |
| 26:22 | SVTT | Альпинист · first_market_sell 100 wood |
| 27:24 | SVTT | Альпинист · wall_segment Palisade Wall x1 |
| 27:39 | SVTT | Альпинист · wall_segment Palisade Wall x1 |
| 32:08 | SVTT | Альпинист · age_up castle |
| 33:20 | Boom · first_market_buy 100 wood |
| 33:49 | Boom · first_market_sell 100 food |
| 34:36 | Boom · wall_segment Palisade Wall x1 |
| 34:42 | SVTT | Альпинист · first_building Monastery |
| 43:03 | SVTT | Альпинист · first_building Castle |
| 48:11 | Boom · resign |
[ AI ANALYSIS · 1 CREDIT ]
What really happened in this match?
Wolo.gg analyzes every decision: build order, eco, micro, common mistakes by bracket. Personalized analysis on WhatsApp or Discord in 30 seconds.
Civ guide
Huns
Perfil
Jugador #6375678